 Dungeon Crawl Stone Soup version 0.22.1-2-g9c5b331383 (webtiles) character file.

639 Nygeryga the Basher (level 7, 0/61 HPs)
             Began as a Minotaur Berserker on Nov 20, 2018.
             Was a Priest of Trog.
             Shot with an arrow by a centaur (7 damage)
             ... on level 4 of the Dungeon.
             The game lasted 00:08:26 (3874 turns).

Nygeryga the Basher (Minotaur Berserker)            Turns: 3874, Time: 00:08:26

Health: 0/61       AC:  6    Str: 23    XL:     7   Next: 26%
Magic:  6/6        EV: 11    Int:  4    God:    Trog [***...]
Gold:   165        SH:  2    Dex: 12    Spells: 6/6 levels left

rFire    . . .     SeeInvis .   a - +0 mace
rCold    . . .     Gourm    .   (no shield)
rNeg     . . .     Faith    .   t - +0 ring mail
rPois    .         Spirit   .   (helmet restricted)
rElec    .         Reflect  +   (no cloak)
rCorr    .         Harm     .   (no gloves)
MR       .....                  d - +0 pair of boots
Stlth    +.........             r - +2 amulet of reflection
HPRegen  0.20/turn              e - +4 ring of dexterity
MPRegen  0.10/turn              y - -2 ring of dexterity (curse)

@: lethally poisoned (0 -> -2)
A: retaliatory headbutt, horns 2
a: Berserk, Trog's Hand, Renounce Religion


You were on level 4 of the Dungeon.
You worshipped Trog.
Trog was most pleased with you.
You were not hungry.

You visited 1 branch of the dungeon, and saw 4 of its levels.

You collected 165 gold pieces.

Inventory:

Hand Weapons
 a - a +0 mace (weapon)
Armour
 b - a +0 animal skin
 d - a +0 pair of boots (worn)
 t - a +0 ring mail (worn)
Jewellery
 e - a +4 ring of dexterity (left hand)
 r - a +2 amulet of reflection (around neck)
 y - a cursed -2 ring of dexterity (right hand)
Wands
 k - a wand of disintegration (15)
 D - a wand of paralysis (15)
Scrolls
 g - 3 scrolls of teleportation {unknown}
 h - 2 scrolls of enchant weapon {unknown}
 l - 5 scrolls of identify {unknown}
 m - 2 scrolls of immolation {unknown}
 n - 2 scrolls of magic mapping {unknown}
 p - 5 scrolls of remove curse {unknown}
 s - a scroll of fear {unknown}
 x - a scroll of fog {unknown}
 z - 2 scrolls of noise {unknown}
Potions
 f - 3 potions of heal wounds {unknown}
 i - a potion of might {unknown}
 j - 2 potions of invisibility {unknown}
 o - a potion of brilliance {unknown}
 q - a potion of curing {unknown}
 v - a potion of berserk rage
 w - a potion of ambrosia {unknown}
 A - a potion of resistance {unknown}
 B - 2 potions of flight {unknown}
 C - a potion of mutation {unknown}
 E - a potion of lignification {unknown}
Comestibles
 c - 5 rations
 u - 2 chunks of flesh


   Skills:
 + Level 5.5 Fighting
 * Level 9.2 Maces & Flails
 - Level 2.4 Armour
 - Level 2.1 Dodging


You had 6 spell levels left.
You didn't know any spells.
Your spell library was empty.

Dungeon Overview and Level Annotations

Branches:
Dungeon (4/15)             Temple (0/1) D:4

Altars:
Kikubaaqudgha
Xom
Beogh


Innate Abilities, Weirdness & Mutations

You reflexively headbutt those who attack you in melee.
You have a pair of horns on your head.


Message History

A centaur comes into view.
The centaur shouts!
The centaur wields a shortbow.
The centaur shoots an arrow.
The arrow hits you!
* * * LOW HITPOINT WARNING * * *
The worker ant bites you.
* * * LOW HITPOINT WARNING * * *
You are poisoned.
The worker ant poisons you!
You see here an arrow.
You feel sick.
You feel sick. The worker ant closely misses you.
You feel sick.
You feel sick. The worker ant misses you. You furiously retaliate!
You headbutt the worker ant.
You feel sick.
You feel sick.
The worker ant bites you but does no damage.
The centaur shoots an arrow.
The arrow hits you!
You die...

.......# #.......#
.......##.............##.......##
...c...##.............##.........
..)....##.............#.......###
.......##.............#....#'#...
.......##.............#....#.#.##
.......##.............#....#'#...
#...(####........................
###††.........a.@................
#...........c..................
#..........##...####...........
#####.....#####....##............
............. .....##...>........
.........#.#.#.#.#.##............
............................#...P
.........#.......#..........#.###
............................#.#.#


You could see a centaur and a worker ant.

Vanquished Creatures
  A hippogriff (D:3)
  A phantom (D:4)
  A scorpion (D:4)
  2 crimson imps (D:3)
  An orc wizard (D:3)
  An orc priest (D:3)
  Jessica (D:2)
  A worker ant (D:4)
  5 adders
  3 worms
  4 dart slugs
  3 leopard geckos
  6 orcs
  4 giant cockroaches
  8 goblins
  7 hobgoblins
  12 jackals
  4 kobolds
  2 quokkas (D:2)
  2 ball pythons
  9 bats
  3 frilled lizards (D:2)
  11 rats
92 creatures vanquished.

Notes
Turn   | Place    | Note
-------+----------+-------------------------------------------
     0 | D:1      | Nygeryga the Minotaur Berserker began the quest for the
                  | Orb.
     0 | D:1      | Reached XP level 1. HP: 19/19 MP: 0/0
   135 | D:1      | Reached skill level 4 in Maces & Flails
   158 | D:1      | Reached XP level 2. HP: 26/27 MP: 1/1
   566 | D:1      | Reached ** piety under Trog
   566 | D:1      | Reached XP level 3. HP: 33/33 MP: 2/2
   918 | D:2      | Reached skill level 5 in Maces & Flails
   967 | D:2      | Noticed Jessica
  1241 | D:2      | Killed Jessica
  1241 | D:2      | Reached XP level 4. HP: 40/41 MP: 3/3
  2154 | D:2      | Reached skill level 6 in Maces & Flails
  2474 | D:3      | Reached XP level 5. HP: 47/47 MP: 4/4
  2719 | D:3      | Noticed a hippogriff
  2732 | D:3      | Killed a hippogriff
  2732 | D:3      | Reached skill level 5 in Fighting
  2732 | D:3      | Reached skill level 7 in Maces & Flails
  2732 | D:3      | Reached XP level 6. HP: 14/56 MP: 5/5
  3003 | D:3      | Reached *** piety under Trog
  3009 | D:3      | Reached skill level 8 in Maces & Flails
  3112 | D:3      | Found a roughly hewn altar of Beogh.
  3351 | D:3      | Found a shimmering altar of Xom.
  3487 | D:4      | Found an ancient bone altar of Kikubaaqudgha.
  3520 | D:4      | Reached XP level 7. HP: 39/61 MP: 6/6
  3651 | D:4      | Found a staircase to the Ecumenical Temple.
  3696 | D:4      | Reached skill level 9 in Maces & Flails
  3874 | D:4      | Shot with an arrow by a centaur

Skill      XL: |  1  2  3  4  5  6  7 |
---------------+----------------------+-----
Maces & Flails | 4 5 6 7 8 9 |  9.2
Fighting       | 4 5 |  5.5
Armour         | |  2.4
Dodging        | |  2.1

Action                   |  1- 3 |  4- 6 |  7- 9 || total
-------------------------+-------+-------+-------++-------
Melee: Mace              |    65 |   135 |    27 ||   227
       Headbutt          |     7 |    23 |     7 ||    37
 Stab: Sleeping          |       |     1 |       ||     1
  Eat: Chunk             |       |     8 |     1 ||     9
Armor: Animal skin       |    18 |     8 |       ||    26
       Ring mail         |       |    34 |    12 ||    46
Dodge: Dodged            |    35 |    91 |    16 ||   142
Block: Other             |       |     3 |       ||     3
